 Dungeon Crawl Stone Soup version 0.22.1-1-ga44c0e56f4 (webtiles) character file.

176636 Muumios the Cleaver (level 17, -4/139 HPs)
             Began as a Mummy Wanderer on Sept 26, 2018.
             Was an Initiate of Gozag.
             Killed from afar by Nikola (43 damage)
             ... with a chain lightning
             ... on level 2 of the Spider Nest on Sept 29, 2018.
             The game lasted 01:40:02 (43827 turns).

Muumios the Cleaver (Mummy Wanderer)               Turns: 43827, Time: 01:40:04

Health: -4/139     AC: 28    Str: 21    XL:     17   Next: 51%
Magic:  27/27      EV: 19    Int: 16    God:    Gozag
Gold:   395        SH:  6    Dex: 15    Spells: 23/29 levels left

rFire    . . .     SeeInvis +   y - +6 broad axe (chop)
rCold    + . .     Gourm    .   h - +1 buckler
rNeg     + + +     Faith    .   F - +6 plate armour of Fortification {rN++ Slay+6}
rPois    ∞         Spirit   .   J - +2 helmet
rElec    .         Reflect  .   d - +2 cloak of Luodgh {Str+4 SInv}
rCorr    .         Harm     .   M - +2 pair of gloves {Dex+3}
MR       +++..                  k - +2 pair of boots
Stlth    ..........             u - amulet of the acrobat
HPRegen  0.33/turn              S - +6 ring of evasion
MPRegen  0.20/turn              l - ring "Udio" {rF+ MR+}

@: studying Long Blades
A: no food or potions, fire vulnerability, cold resistance 1, negative energy
resistance 3, torment resistance, unbreathing, in touch with death 1
a: Potion Petition, Call Merchant, Bribe Branch, Renounce Religion


You were on level 2 of the Spider Nest.
You worshipped Gozag.
Gozag was aware of your devotion.
You were not hungry.

You visited 7 branches of the dungeon, and saw 34 of its levels.
You also visited: Labyrinth.

You collected 10010 gold pieces.
You spent 3075 gold pieces at shops.
You paid 6540 gold pieces to Gozag.

Inventory:

Hand Weapons
 g - a +4 blowgun
 j - the +9 glaive "Ytog Keoff" {vamp, MR+}
   (You found it on level 6 of the Dungeon)

   It inflicts no extra harm, but heals its wielder when it wounds a living foe.
   It affects your resistance to hostile enchantments.
 y - a +6 broad axe of chopping (weapon)
 D - a +0 lajatang of electrocution
Missiles
 w - 148 poisoned needles
 C - 12 poisoned javelins
 T - 2 throwing nets (quivered)
Armour
 d - the +2 cloak of Luodgh (worn) {Str+4 SInv}
   (You bought it in a shop on level 2 of the Orcish Mines)

   It affects your strength (+4).
   It lets you see invisible.
 e - a scarf of spirit shield
 h - a +1 buckler (worn)
 k - a +2 pair of boots (worn)
 E - a +3 plate armour of poison resistance
 F - the +6 plate armour of Fortification (worn) {rN++ Slay+6}
   (You found it on level 2 of the Lair of Beasts)

   It affects your accuracy and damage with ranged weapons and melee attacks
   (+6).
   It greatly protects you from negative energy.
 J - a +2 helmet (worn)
 M - a +2 pair of gloves of dexterity (worn)
 N - the +3 leather armour of the Okapi {Slay+3}
   (You found it on level 5 of the Lair of Beasts)

   It affects your accuracy and damage with ranged weapons and melee attacks
   (+3).
 U - the +3 pair of gloves "Son Bieth" {-Tele rElec rPois Regen+}
   (You found it on level 6 of the Lair of Beasts)

   It insulates you from electricity.
   It protects you from poison.
   It prevents most forms of teleportation.
   It increases your rate of regeneration.
Jewellery
 c - an uncursed ring of fire
 l - the ring "Udio" (right hand) {rF+ MR+}
   (You bought it in a shop on level 12 of the Dungeon)

   [ring of protection from magic]

   It protects you from fire.
   It affects your resistance to hostile enchantments.
 m - an uncursed ring of see invisible
 p - an uncursed ring of resist corrosion
 q - an uncursed ring of stealth
 u - an amulet of the acrobat (around neck)
 z - an uncursed ring of protection from magic
 P - an uncursed ring of protection from cold
 Q - an uncursed amulet of guardian spirit
 R - a cursed ring of teleportation
 S - a +6 ring of evasion (left hand)
Wands
 a - a wand of polymorph (8)
 i - a wand of disintegration (14)
 r - a wand of iceblast (6)
 x - a wand of digging (36)
 B - a wand of flame (42)
 H - a wand of random effects (65)
 I - a wand of enslavement (21)
Scrolls
 b - 7 scrolls of teleportation
 f - 3 scrolls of fog
 n - 8 scrolls of remove curse
 t - 2 scrolls of enchant armour
 v - 5 scrolls of amnesia
 A - 3 scrolls of immolation
 K - 2 scrolls of identify
Books
 V - a manual of Long Blades
Miscellaneous
 o - a crystal ball of energy
 G - a lightning rod (4/4)
 L - a crystal ball of energy


   Skills:
 + Level 14.2 Fighting
   Level 2.8 Short Blades
 * Level 14.8(15.3) Axes
   Level 7.4(12.1) Maces & Flails
 - Level 14.2 Dodging
 - Level 2.4 Stealth
 - Level 4.0 Shields
 * Level 6.7 Spellcasting
 * Level 1.0 Hexes
 - Level 4.3 Charms
   Level 1.0 Necromancy
 - Level 1.0 Translocations
 - Level 6.8 Evocations


You had 23 spell levels left.
You knew the following spells:

 Your Spells              Type           Power        Failure   Level  Hunger
a - Apportation           Tloc           #.....       95%         1    N/A
b - Spectral Weapon       Hex/Chrm       ##......     99%         3    N/A
c - Blink                 Tloc           N/A          99%         2    N/A

Your spell library contained the following spells:

 Spells                   Type           Power        Failure   Level  Hunger
 Infusion                 Chrm           ###.         56%         1    N/A
 Song of Slaying          Chrm           ###.....     71%         2    N/A
 Shroud of Golubria       Chrm/Tloc      ##........   91%         2    N/A
 Animate Skeleton         Necr           N/A          95%         1    N/A
 Confusing Touch          Hex            #.....       95%         1    N/A
 Swiftness                Chrm/Air       ##......     95%         2    N/A
 Flame Tongue             Conj/Fire      #....        99%         1    N/A
 Magic Dart               Conj           #...         99%         1    N/A
 Sting                    Conj/Pois      #...         99%         1    N/A
 Summon Small Mammal      Summ           #...         99%         1    N/A
 Call Imp                 Summ           #.......     99%         2    N/A
 Poisonous Vapours        Pois/Air       #.....       99%         2    N/A
 Slow                     Hex            #.......     99%         2    N/A
 Throw Flame              Conj/Fire      #.....       99%         2    N/A
 Confuse                  Hex            #.......     100%        3    N/A
 Conjure Flame            Conj/Fire      #.......     100%        3    N/A
 Gell's Gravitas          Tloc           #.........   100%        3    N/A
 Ignite Poison            Fire/Tmut/Pois #.......     100%        3    N/A
 Inner Flame              Hex/Fire       #.......     100%        3    N/A
 Lesser Beckoning         Tloc           #.........   100%        3    N/A
 Mephitic Cloud           Conj/Pois/Air  #.......     100%        3    N/A
 Teleport Other           Tloc           #.......     100%        3    N/A
 Vampiric Draining        Necr           ##........   100%        3    N/A
 Olgreb's Toxic Radiance  Pois           #.......     100%        4    N/A
 Passage of Golubria      Tloc           N/A          100%        4    N/A
 Petrify                  Tmut/Erth      #.......     100%        4    N/A
 Sticky Flame             Conj/Fire      #.......     100%        4    N/A
 Summon Lightning Spire   Summ/Air       #.......     100%        4    N/A
 Alistair's Intoxication  Tmut/Pois      #.......     100%        5    N/A
 Bolt of Draining         Conj/Necr      ##........   100%        5    N/A
 Excruciating Wounds      Chrm/Necr      ###.......   100%        5    N/A
 Fireball                 Conj/Fire      #.........   100%        5    N/A
 Irradiate                Conj/Tmut      #.........   100%        5    N/A
 Lightning Bolt           Conj/Air       #.........   100%        5    N/A
 Metabolic Englaciation   Hex/Ice        #.........   100%        5    N/A
 Venom Bolt               Conj/Pois      #.........   100%        5    N/A
 Yara's Violent Unravell  Hex/Tmut       #.........   100%        5    N/A
 Bolt of Cold             Conj/Ice       #.........   100%        6    N/A
 Bolt of Fire             Conj/Fire      #.........   100%        6    N/A
 Freezing Cloud           Conj/Ice/Air   #.........   100%        6    N/A
 Ozocubu's Refrigeration  Ice            #.........   100%        6    N/A
 Simulacrum               Ice/Necr       ##........   100%        6    N/A
 Ring of Flames           Chrm/Fire      ##........   100%        7    N/A
 Ignition                 Fire           #.........   100%        8    N/A
 Sublimation of Blood     Necr           Unusable     N/A         2    N/A
 Regeneration             Chrm/Necr      Unusable     N/A         3    N/A
 Ice Form                 Ice/Tmut       Unusable     N/A         4    N/A

Dungeon Overview and Level Annotations

Branches:
Dungeon (15/15)            Temple (1/1) D:6            Lair (6/6) D:8
 Shoals (3/4) Lair:2       Spider (4/4) Lair:4        Slime (0/5) Lair:5
    Orc (2/2) D:9             Elf (3/3) Orc:2        Vaults (0/5) D:14
 Depths (0/5) D:15

Altars:
Ashenzari
Cheibriados
Dithmenos
Elyvilon
Fedhas
Gozag
Hepliaklqana
Kikubaaqudgha
Makhleb
Nemelex Xobeh
Okawaru
Qazlal
Ru
Sif Muna
Trog
Uskayaw
Vehumet
Wu Jian
Xom
Yredelemnul
Zin
The Shining One
Beogh

Shops:
D:5 *   D:9 (}   D:12 =   D:13 *   D:15 [[   Orc:1 *   Orc:2 :*[(   Shoals:2 =

Annotations:
D:7 Blork the orc
D:13 Azrael
Lair:4 exclusion: oklob plant
Lair:6 2 runed doors
Shoals:1 exclusion: oklob plant
Shoals:3 Ilsuiw
Spider:2 Nikola
Orc:2 BOOKS
Elf:1 nano's ghost, adept GnTm
Elf:2 3 runed doors
Abyss:1 Agnes; Frances


Innate Abilities, Weirdness & Mutations

You do not eat or drink.
Your flesh is vulnerable to fire.
You are immune to poison.
Your flesh is cold resistant. (rC+)
You are immune to negative energy. (rN+++)
You are immune to unholy pain and torment.
You can survive without breathing.
You are in touch with the powers of death.


Message History

You hear a shout!
You hit Nikola but do no damage.
Nikola is lightly wounded.
Nikola mumbles some strange words.
You hear a mighty clap of thunder!
The lightning arc hits you!
The lightning arc hits Nikola.
The lightning arc hits you!
The lightning arc hits Nikola.
The lightning arc hits you!
* * * LOW HITPOINT WARNING * * *
Nikola struggles against the net.
Okay, then.
You slash Nikola!
Nikola is lightly wounded.
You slice Nikola!!
Nikola is moderately wounded.
Nikola casts a spell.
You hear a mighty clap of thunder!
The lightning arc hits you!
You die...
Your body crumbles into a pile of gold.

##### ### #####≈≈≈≈##≈####
≈≈≈≈≈≈≈#≈≈≈≈#.####
##^.#..#......#...### #
.##......#^...^.....# ≈#
............#.....%.##≈≈# #
.#.....#.#...........#≈≈#≈≈
...........#.##@@...#.#≈≈≈≈
#....#.#.....#....#.......#
#...#.............<.......#
^......#..s.##...#..#....##
.....>....#.....#.....#.##
#..#..#@#.............(...
....)......#......#.......#
..##...#..................##
.^.................#...#...


You could see Nikola (caught) and a jumping spider.

Vanquished Creatures
  Rupert (D:15)
  A kraken (Shoals:2)
  An orc warlord (Orc:2)
  3 emperor scorpions
  3 entropy weavers
  The ghost of raetorn the Thaumaturge, a journeyman DgCj (Orc:2)
  A deep elf demonologist (Elf:1)
  A minotaur (Lab)
  A deep elf death mage (Elf:1)
  2 merfolk impalers (Shoals:2)
  A merfolk javelineer (Shoals:2)
  Fannar (Lair:3)
  A great orb of eyes (Orc:2)
  4 merfolk avatars
  Erolcha (Orc:1)
  A merfolk aquamancer (Shoals:1)
  A catoblepas (D:14)
  8 hydras
  An ice dragon (D:15)
  The ghost of Sergey the Blocker, a novice DDFi of Makhleb (D:12)
  3 centaur warriors
  6 two-headed ogres
  An anaconda (Spider:3)
  4 death yaks
  2 orc high priests (Orc:2)
  Sonja (Orc:1)
  2 deep elf knights (Elf:2)
  A death drake (Orc:2)
  6 sea snakes
  2 unseen horrors
  4 orc knights
  4 deep elf archers
  A wolf spider zombie (D:14)
  2 lindwurms
  8 harpies
  2 necromancers (Elf:1)
  20 wolf spiders
  5 ugly things
  2 oklob plants (Lair:3)
  11 orb spiders
  6 fauns
  20 deep elf magi
  2 orc sorcerers (Orc:2)
  4 cyclopes
  7 manticores
  3 merfolk sirens
  Maurice (D:9)
  4 elephants
  3 water nymphs (Shoals:2)
  2 moths of wrath
  5 black mambas (Lair:6)
  3 molten gargoyles (Lair:6)
  7 spiny frogs
  A gargoyle (D:14)
  2 torpor snails
  An efreet (D:15)
  7 komodo dragons
  3 large abominations (Elf:1)
  2 rime drakes
  7 demonic crawlers
  13 merfolk
  2 ice devils (D:12)
  5 trolls
  23 jumping spiders
  11 tyrant leeches (Spider:3)
  3 wind drakes
  6 hornets
  2 polar bears
  6 blink frogs
  7 slime creatures
  4 snapping turtles
  10 hippogriffs
  9 dream sheep (Shoals:2)
  12 tarantellas
  2 air elementals (Elf:1)
  50 redbacks
  7 wyverns
  A wraith (D:15)
  37 yaks
  A shadow (D:12)
  A vampire (D:14)
  9 water elementals
  A human (D:7)
  4 basilisks
  A fire elemental (D:13)
  3 hogs (D:7)
  A hungry ghost (D:10)
  2 steam dragons
  6 vampire mosquitoes (D:14)
  Menkaure (D:6)
  A warg (Orc:2)
  Edmund (D:4)
  5 swamp worms (Spider:3)
  9 water moccasins
  2 acid dragons (D:14)
  Duvessa (D:7)
  6 hell hounds
  27 orc warriors
  7 porcupines
  An eye of draining (D:12)
  4 ice beasts
  2 sky beasts
  A phantom (D:12)
  A hornet zombie (D:9)
  11 wolves
  15 ogres
  11 centaurs
  5 boggarts (D:14)
  11 crocodiles
  2 elf zombies (Elf:1)
  3 big kobolds
  An earth elemental (Elf:1)
  12 bullfrogs
  Dowan (D:7)
  10 scorpions
  A wyvern skeleton (D:11)
  13 killer bees
  4 wights (D:14)
  An electric eel (Lair:2)
  6 howler monkeys
  4 lava snakes (Lair:6)
  3 crimson imps
  A quasit (D:12)
  7 hounds
  2 bullfrog zombies
  4 jellies
  21 orc priests
  2 centaur skeletons
  28 orc wizards
  3 bullfrog skeletons
  5 iguanas
  13 worker ants
  4 bullfrog simulacra (D:12)
  3 centaur simulacra (D:12)
  A hound skeleton (D:10)
  4 worker ant zombies
  14 adders
  13 gnolls
  3 shadow imps
  4 worms
  5 leopard geckos
  99 orcs
  9 bats
  4 giant cockroaches
  4 goblins
  8 hobgoblins
  7 jackals
  8 quokkas
  2 ball pythons
  6 frilled lizards
  23 kobolds
  A leopard gecko skeleton (D:6)
  A quokka skeleton (D:9)
  A quokka zombie (D:5)
  14 rats
  A bush (Lair:6)
  5 fungi
  4 plants
  3 tentacles (Shoals:2)
971 creatures vanquished.

Vanquished Creatures (collateral kills)
  A hydra (Lair:3)
  Prince Ribbit (Lair:3)
  A hippogriff (Lair:3)
  3 blink frogs
  A wyvern (Lair:3)
  An orc priest (Orc:2)
8 creatures vanquished.

Vanquished Creatures (others)
  An emperor scorpion (Spider:1)
  An ice dragon (D:15)
  A hydra (Lair:1)
  An ogre mage (D:15)
  13 dancing weapons
  A sea snake (Shoals:1)
  An unseen horror (D:10)
  2 wolf spiders (Spider:1)
  A faun (Lair:2)
  3 deep elf magi
  An orc knight (D:10)
  A manticore (Shoals:1)
  An orc sorcerer (Orc:2)
  A merfolk siren (Shoals:1)
  An elephant (Lair:4)
  An eye of devastation (Lair:5)
  2 spiny frogs (Lair:3)
  A demonic crawler (Spider:1)
  2 merfolk (Shoals:1)
  A jumping spider (Spider:2)
  A slime creature (D:12)
  2 hippogriffs
  6 redbacks
  2 tarantellas
  A water elemental (Elf:1)
  A wyvern (Lair:6)
  2 yaks
  A hungry ghost (D:10)
  A warg (Orc:1)
  A water moccasin (Lair:2)
  2 orc warriors (Orc:2)
  An eye of draining (D:12)
  A wolf (Lair:5)
  A bullfrog (Lair:1)
  A wyvern skeleton (D:14)
  A killer bee (D:11)
  An orc priest (Orc:2)
  An orc wizard (Orc:1)
  An adder (D:10)
  A gnoll (D:9)
  14 fungi
  20 plants
  8 tentacles (Shoals:2)
108 creatures vanquished.

Grand Total: 1087 creatures vanquished

Notes
Turn   | Place    | Note
-------+----------+-------------------------------------------
     0 | D:1      | Muumios the Mummy Wanderer began the quest for the Orb.
     0 | D:1      | Muumios set off with: a +2 short sword, a scroll of
                  | teleportation, a +0 robe, a +0 dagger
     0 | D:1      | Reached XP level 1. HP: 16/16 MP: 2/2
   581 | D:1      | Reached XP level 2. HP: 22/22 MP: 4/4
  1229 | D:2      | Reached XP level 3. HP: 28/28 MP: 5/5
  1317 | D:2      | Reached skill level 1 in Shields
  1662 | D:1      | Reached XP level 4. HP: 24/34 MP: 6/6
  2484 | D:3      | Found an ornate altar of the Wu Jian Council.
  2591 | D:4      | Noticed Edmund
  2601 | D:4      | Killed Edmund
  2601 | D:4      | Reached skill level 1 in Evocations
  2601 | D:4      | Reached XP level 5. HP: 41/41 MP: 7/7
  2683 | D:4      | Reached XP level 6. HP: 46/47 MP: 8/8
  2753 | D:4      | Found a sparkling altar of Nemelex Xobeh.
  2754 | D:4      | Found a glowing silver altar of Zin.
  2756 | D:4      | Found a deep blue altar of Sif Muna.
  2758 | D:4      | Found a burning altar of Makhleb.
  3141 | D:4      | Reached skill level 1 in Maces & Flails
  3750 | D:4      | Reached XP level 7. HP: 53/53 MP: 9/9
  4461 | D:5      | Entered Level 5 of the Dungeon
  4571 | D:5      | Found Not Vynosi's Elemental Accessories.
  5068 | D:6      | Found a blossoming altar of Fedhas.
  5106 | D:6      | Reached XP level 8. HP: 54/60 MP: 10/10
  5327 | D:6      | Noticed Menkaure
  5332 | D:6      | Killed Menkaure
  5872 | D:6      | Reached skill level 5 in Fighting
  6275 | D:6      | Reached skill level 5 in Evocations
  6396 | D:6      | Reached XP level 9. HP: 68/68 MP: 12/12
  6486 | D:6      | Found a staircase to the Ecumenical Temple.
  6529 | Temple   | Entered the Ecumenical Temple
  6737 | Temple   | Became a worshipper of Gozag Ym Sagoz the Greedy
  6960 | D:6      | Got an ancient glaive
  6961 | D:6      | Identified the +9 glaive "Ytog Keoff" {vamp, MR+} (You
                  | found it on level 6 of the Dungeon)
  7077 | D:7      | Reached skill level 5 in Maces & Flails
  7614 | D:7      | Noticed Duvessa
  7614 | D:7      | Noticed Dowan
  7641 | D:7      | Killed Duvessa
  7651 | D:7      | Killed Dowan
  8219 | D:7      | Learned a level 1 spell: Apportation
  8705 | D:7      | Noticed Blork the orc
  8823 | D:8      | Reached XP level 10. HP: 64/77 MP: 12/14
  9029 | D:8      | Identified the Collected Works on Intoxication and
                  | Weightlessness
  9132 | D:8      | Noticed an elephant
  9424 | D:8      | Killed an elephant
  9601 | D:8      | Found a staircase to the Lair.
 10044 | D:9      | Bought a runed broad axe for 217 gold pieces
 10117 | D:9      | Reached skill level 1 in Axes
 10273 | D:9      | Noticed a two-headed ogre
 10320 | D:10     | Entered Level 10 of the Dungeon
 10359 | D:10     | Found a bloodstained altar of Trog.
 10729 | D:10     | Noticed an unseen horror
 10734 | D:10     | Banished an unseen horror
 11364 | D:11     | Noticed a purple ugly thing
 11391 | D:11     | Killed a purple ugly thing
 11579 | D:11     | You fall through a shaft!
 11583 | D:12     | Found a labyrinth entrance.
 11632 | D:12     | Reached XP level 11. HP: 30/86 MP: 7/16
 11673 | Lab      | Entered a labyrinth
 12207 | Lab      | Noticed a minotaur
 12215 | Lab      | Killed a minotaur
 12496 | D:12     | Found a blossoming altar of Fedhas.
 12589 | D:12     | Found a runed gate.
 12590 | D:12     | Found a runed gate.
 12590 | D:12     | Found a runed gate.
 12590 | D:12     | Noticed Sergey's ghost (novice DDFi)
 12992 | D:11     | Noticed an unseen horror
 12999 | D:11     | Killed an unseen horror
 12999 | D:11     | Reached skill level 5 in Axes
 12999 | D:11     | Reached skill level 5 in Dodging
 13219 | D:10     | Noticed an orc knight
 13223 | D:10     | Banished an orc knight
 13473 | D:9      | Bought a glowing blowgun for 170 gold pieces
 13525 | D:9      | Noticed Maurice
 13534 | D:9      | Killed Maurice
 13622 | D:9      | Found Ygiafiwk's Gadget Boutique.
 13787 | D:9      | Found a staircase to the Orcish Mines.
 13796 | D:9      | Found a roughly hewn altar of Beogh.
 13829 | D:9      | Found a stormy altar of Qazlal.
 14180 | Lair:1   | Entered Level 1 of the Lair of Beasts
 14335 | Lair:1   | Noticed a seven-headed hydra
 14987 | Lair:2   | Got an amethyst-encrusted plate armour
 14988 | Lair:2   | Identified the +6 plate armour of Fortification {rN++
                  | Slay+6} (You found it on level 2 of the Lair of Beasts)
 15467 | Lair:2   | Reached XP level 12. HP: 95/95 MP: 17/17
 15537 | Lair:2   | Found a staircase to the Shoals.
 15737 | Lair:3   | Noticed a seven-headed hydra
 15791 | Lair:3   | Noticed Fannar
 15802 | Lair:3   | Noticed a five-headed hydra
 15831 | Lair:3   | Killed a five-headed hydra
 15852 | Lair:3   | Noticed Prince Ribbit
 15865 | Lair:3   | Killed Prince Ribbit
 16096 | Lair:3   | Killed Fannar
 16313 | Lair:4   | Found a hole to the Spider Nest.
 16637 | Lair:4   | Found an ancient bone altar of Kikubaaqudgha.
 16795 | Lair:4   | Noticed a four-headed hydra
 16803 | Lair:4   | Killed a five-headed hydra
 17053 | Lair:5   | Reached skill level 10 in Fighting
 17069 | Lair:5   | Got a bronze leather armour
 17070 | Lair:5   | Identified the +3 leather armour of the Okapi {Slay+3} (You
                  | found it on level 5 of the Lair of Beasts)
 17083 | Lair:5   | Found a staircase to the Slime Pits.
 18055 | Lair:6   | Entered Level 6 of the Lair of Beasts
 18121 | Lair:6   | Noticed a four-headed hydra
 18142 | Lair:6   | Killed a four-headed hydra
 18165 | Lair:6   | Noticed an eight-headed hydra
 18168 | Lair:6   | Killed an eight-headed hydra
 18263 | Lair:6   | Gained mutation: You are in touch with the powers of death.
                  | [Mummy growth]
 18263 | Lair:6   | Reached XP level 13. HP: 72/104 MP: 12/18
 19210 | Lair:6   | Got a pair of distressingly furry gloves
 19211 | Lair:6   | Identified the +3 pair of gloves "Son Bieth" {-Tele rElec
                  | rPois Regen+} (You found it on level 6 of the Lair of
                  | Beasts)
 19775 | Orc:1    | Entered Level 1 of the Orcish Mines
 19917 | Orc:1    | Found Vestrag's Assorted Antiques.
 19953 | Orc:1    | Bought a scroll of blinking for 255 gold pieces
 19953 | Orc:1    | Bought a wand of acid (6) for 272 gold pieces
 20118 | Orc:2    | Entered Level 2 of the Orcish Mines
 20315 | Orc:2    | Noticed an orc warlord
 21129 | Orc:2    | Reached skill level 10 in Axes
 21182 | Orc:2    | Found a staircase to the Elven Halls.
 21244 | Orc:2    | Reached skill level 10 in Dodging
 21249 | Orc:2    | Found a large runed door.
 21250 | Orc:2    | Found a large runed door.
 21252 | Orc:2    | Noticed raetorn's ghost (journeyman DgCj)
 21274 | Orc:2    | Killed an orc warlord
 21972 | Orc:2    | Found Ahoacay's General Store.
 21973 | Orc:2    | Found Venteololi's Book Shoppe.
 21974 | Orc:2    | Found Urryg's Antique Armour Shoppe.
 21974 | Orc:2    | Found Qotzamiemao's Antique Weapon Emporium.
 21978 | Orc:2    | Bought a steaming cloak for 370 gold pieces
 21989 | Orc:2    | Bought a book of Battle for 400 gold pieces
 22157 | Orc:2    | Killed raetorn's ghost
 22177 | Orc:2    | Identified the +2 cloak of Luodgh {Str+4 SInv} (You bought
                  | it in a shop on level 2 of the Orcish Mines)
 22379 | Orc:1    | Noticed Sonja
 22379 | Orc:1    | Noticed Erolcha
 22925 | D:12     | Reached XP level 14. HP: 110/113 MP: 11/19
 23336 | D:12     | Found Essuuve's Jewellery Emporium.
 23498 | D:12     | Killed Sergey's ghost
 23753 | D:13     | Found Utuyty's General Store.
 23768 | D:13     | Bought a scroll of identify for 24 gold pieces
 23768 | D:13     | Bought a scroll of identify for 24 gold pieces
 23768 | D:13     | Bought a scroll of fear for 42 gold pieces
 23850 | D:13     | Noticed Azrael
 25672 | Lair:6   | Found a large runed door.
 25673 | Lair:6   | Found a large runed door.
 25979 | Lair:6   | Learned a level 3 spell: Spectral Weapon
 27022 | D:13     | Noticed Rupert
 27825 | D:14     | Found a gate to the Vaults.
 28677 | D:15     | Entered Level 15 of the Dungeon
 29568 | D:15     | Reached XP level 15. HP: 102/121 MP: 20/20
 29576 | D:15     | Found a staircase to the Depths.
 29920 | D:15     | Bought a blackened buckler for 237 gold pieces
 29920 | D:15     | Identified the -2 buckler of Wurch {rF+} (You bought it in
                  | a shop on level 15 of the Dungeon)
 30142 | Orc:1    | Killed Sonja
 30231 | Orc:1    | Killed Erolcha
 30705 | Spider:1 | Entered Level 1 of the Spider Nest
 33109 | D:12     | Bought the ring "Udio" {rF+ MR+} for 585 gold pieces
 33241 | Elf:1    | Entered Level 1 of the Elven Halls
 33480 | Elf:1    | Found a large runed door.
 33480 | Elf:1    | Found a large runed door.
 33482 | Elf:1    | Noticed nano's ghost (adept GnTm)
 34310 | Elf:1    | Identified the Collected Works on Unholy Magic
 34344 | Elf:1    | Reached XP level 16. HP: 130/130 MP: 21/21
 35046 | Elf:2    | Found a runed gate.
 35046 | Elf:2    | Found a runed gate.
 35047 | Elf:2    | Found a runed gate.
 35157 | Elf:2    | Got a warped mace
 35158 | Elf:2    | Identified the cursed +1 mace of Nysir {protect, rPois}
                  | (You found it on level 2 of the Elven Halls)
 35522 | Elf:2    | Learned a level 2 spell: Blink
 35916 | Elf:3    | Entered Level 3 of the Elven Halls
 36727 | Spider:2 | Noticed Nikola
 36727 | Spider:2 | Noticed Agnes
 36852 | Shoals:1 | Entered Level 1 of the Shoals
 37718 | Shoals:1 | Noticed Frances
 38095 | Shoals:1 | Banished Frances
 38588 | D:15     | Killed Rupert
 38663 | D:15     | Bought a pair of embroidered gloves for 187 gold pieces
 39036 | Orc:2    | Bought a shiny buckler for 292 gold pieces
 39276 | Spider:1 | Banished Agnes
 39766 | Spider:3 | Reached skill level 1 in Charms
 40859 | Spider:3 | Reached XP level 17. HP: 138/138 MP: 22/22
 41524 | Spider:3 | Identified Gotzom's Handbook of Torrid Air
 41616 | Spider:4 | Entered Level 4 of the Spider Nest
 42291 | Shoals:2 | Reached skill level 5 in Spellcasting
 42777 | Shoals:2 | Noticed a kraken
 42793 | Shoals:2 | Killed a kraken
 43589 | Shoals:3 | Noticed Ilsuiw
 43746 | Lair:3   | Reached skill level 1 in Hexes
 43758 | Lair:3   | Got a faintly humming robe
 43759 | Lair:3   | Identified the +1 robe of Keczumme {Str+3 Dex+3} (You found
                  | it on level 3 of the Lair of Beasts)
 43827 | Spider:2 | Killed from afar by Nikola

Skill      XL: |  1  2  3  4  5  6  7  8  9 10 11 12 13 14 15 16 17 |
---------------+----------------------------------------------------+-----
Short Blades   | 2 |  2.8
Shields        | 1 2 3 4 |  4.0
Fighting       | 3 4 5 6 8 9 10 11 12 13 14 | 14.2
Evocations     | 1 2 3 5 6 |  6.8
Maces & Flails | 1 2 4 6 7 |  7.4
Axes           | 3 6 8 10 12 13 14 | 14.8
Dodging        | 3 6 8 10 11 13 14 | 14.2
Spellcasting   | 3 6 |  6.7
Charms         | 2 4 |  4.3
Hexes          | 1 |  1.0
Stealth        | |  2.4
Necromancy     | |  1.0
Translocations | |  1.0

Action                   |  1- 3 |  4- 6 |  7- 9 | 10-12 | 13-15 | 16-18 || total
-------------------------+-------+-------+-------+-------+-------+-------++-------
Melee: Short sword       |   139 |    94 |       |       |       |       ||   233
       Flail             |       |    60 |   391 |    81 |       |       ||   532
       Broad axe         |       |       |       |   608 |  1170 |   841 ||  2619
Throw: Throwing net      |     5 |     1 |       |       |       |     3 ||     9
       Javelin           |       |       |       |     1 |     4 |     3 ||     8
Invok: Potion Petition   |       |       |       |     3 |     3 |     2 ||     8
       Call Merchant     |       |       |       |     1 |     2 |     1 ||     4
Evoke: Wand              |       |     4 |    13 |    40 |    88 |    12 ||   157
       Sack of spiders   |       |       |       |     4 |     7 |     2 ||    13
       Lightning rod     |       |       |       |     2 |     7 |       ||     9
       Phantom mirror    |       |       |       |       |     1 |       ||     1
  Use: Scroll            |     2 |     5 |     7 |    23 |    25 |    16 ||    78
 Stab: Sleeping          |     3 |     2 |     9 |     4 |       |       ||    18
       Held in net/web   |     3 |     1 |       |       |       |       ||     4
       Paralysed         |       |     8 |    11 |    16 |       |       ||    35
       Distracted        |       |       |     1 |     2 |     5 |     7 ||    15
       Invisible         |       |       |       |     1 |     3 |       ||     4
Armor: Plate armour      |    67 |       |       |   111 |   536 |   387 ||  1101
       Robe              |     1 |       |       |       |       |       ||     1
       Ring mail         |    13 |    52 |   118 |    98 |       |       ||   281
Dodge: Dodged            |    44 |    58 |   163 |   330 |   845 |   807 ||  2247
Block: Buckler           |    12 |    23 |   101 |   196 |   304 |   271 ||   907
